 Dungeon Crawl Stone Soup version 0.31-a0-18-gea43df2a32 (webtiles) character file.

Game seed: 15317048786634007263

(classic levelgen) 3 Amnesiac the Sneak (level 1, -13/11 HPs)
             Began as a Spriggan Delver on May 13, 2023.
             Mangled by an ogre
             ... wielding a +0 giant club
              (24 damage)
             ... on level 5 of the Dungeon.
             The game lasted 00:01:12 (299 turns).

Amnesiac the Sneak (Spriggan Delver)                 Turns: 299, Time: 00:01:13

Health: -13/11     AC:  2    Str:  8    XL:     1   Next: 41%
Magic:  2/2        EV: 17    Int: 11    God:
Gold:   35         SH:  0    Dex: 16    Spells: 0/0 levels left

rFire   . . .        a - +0 short sword
rCold   . . .        (no shield)
rNeg    . . .        b - +0 robe
rPois   .            (helmet restricted)
rElec   .            (no cloak)
rCorr   .            (gloves unavailable)
SInv    +            (boots unavailable)
Will    .....        (no amulet)
Stlth   ++++         (no ring)
HPRegen 0.21/turn    (no ring)
MPRegen 0.08/turn

%: no passive effects
@: very quick
A: very small, no large weapons, unfitting armour, see invisible, speed 3
a: no special abilities


You were on level 5 of the Dungeon.
You visited 1 branch of the dungeon, and saw 1 of its levels.

You collected 35 gold pieces.

Inventory:

Hand Weapons
 a - a +0 short sword (weapon)
Armour
 b - a +0 robe (worn)
Wands
 g - a wand of digging (3)
Scrolls
 c - a scroll of fog {!r}
 d - a scroll of magic mapping {!r}
 e - a scroll of fear {!r}
 h - a scroll of identify {!r, unknown}
 l - a scroll of teleportation {!r, unknown}
Potions
 f - a potion of haste {!q}
 i - a potion of might {!q, unknown}
 j - a potion of resistance {!q, unknown}
 k - a potion of curing {!q, unknown}


   Skills:
 - Level 2.4 Fighting
 - Level 2.1 Short Blades
 - Level 2.6 Dodging
 + Level 7.5 Stealth


You couldn't memorise any spells.
You didn't know any spells.
Your spell library was empty.

Dungeon Overview and Level Annotations

Branches:
Dungeon (5/15)
 Temple: D:4-7

Altars:


Innate Abilities, Weirdness & Mutations

You are very small and have problems with some larger weapons.
You are too small for most types of armour.
You have supernaturally acute eyesight. (SInv)
You cover ground extremely quickly. (Speed+++)


Message History

You open the door.
There is an open door here.
Found a stone staircase leading down.
There is a stone staircase leading down here.
You open the door.
There is an open door here.
A white imp is nearby!
You open the door.
There is an open door here.
You close the door.
The scorpion stings you!
Ouch! That really hurt!
* * * LOW HITPOINT WARNING * * *
Found 20 gold pieces.
There is an open door here.
You enter the shallow water.
You close the door.
A ball python comes into view.
The ball python hisses angrily.
The ball python barely misses you. x2
You see here 20 gold pieces.
You hit the ball python.
The ball python is severely wounded.
The ball python bites you.
* * * LOW HITPOINT WARNING * * *
The ball python closely misses you.
You hit the ball python.
You kill the ball python!
You now have 20 gold pieces.
You start resting.
HP restored.
You open the door.
There is an open door here.
You enter the shallow water.
There is an open door here.
There is an open door here.
As you open the door, it creaks loudly!
Found a ring mail.
There is an open door here.
You open the door.
There is an open door here.
Found 15 gold pieces.
You now have 35 gold pieces (gained 15).
An iguana comes into view.
Found a scroll labelled QOEKLI LOTSUAT and a pink potion.
Found a mace.
An iguana comes into view.
You see here a scroll labelled QOEKLI LOTSUAT {!r}.
l - a scroll labelled QOEKLI LOTSUAT {!r} An orc comes into view.
It is wielding a +0 hand axe.
The iguana barely misses you.
An ice beast comes into view.
You open the door.
Found a stone staircase leading down.
An ogre comes into view. It is wielding a +0 giant club.
Found 9 stones.
There is an open door here.
Okay, then.
The helpless ogre fails to defend itself.
You impale the ogre!!
The ogre is severely wounded.
The ogre hits you with a +0 giant club!!
Ouch! That really hurt!
You die...

.....#### .........# ......
.........# ..[..
#.........# ....
#.........# ... #.......>.#
.. #.........## #.
##.)...Y..@O# #.
.#.......#'#.# #######
........##l#... .......
..!........##### #######
........##.####### #...
.#.##.#........... #...
#l##.##.#.####### ####...
#.......#.......# #......
####.#####....#.#####....##


You could see an ice beast, an ogre and an iguana.

Vanquished Creatures
  2 quokkas (D:5)
  A ball python (D:5)
3 creatures vanquished.

Notes
Turn   | Place    | Note
-------+----------+-------------------------------------------
     0 | D:5      | Amnesiac the Spriggan Delver began the quest for the Orb.
     0 | D:5      | Reached XP level 1. HP: 11/11 MP: 2/2
    43 | D:5      | Noticed a scorpion
   283 | D:5      | Noticed an iguana
   286 | D:5      | Noticed an iguana
   293 | D:5      | Noticed an ice beast
   297 | D:5      | Noticed an ogre
   299 | D:5      | Mangled by an ogre

Illustrated notes

Levels and vault maps discovered:
D:5:      layout_basic, glass_columns_a, saegor_snake_ambush

Action                     || total
---------------------------++-------
  Melee: Short sword       ||    11
   Stab: Sleeping          ||     2
 Armour: Robe              ||     1
  Dodge: Dodged            ||     9

Table legend: (Time is in decaauts)
 A = Elapsed time spent in this place.
 B = Non-inter-level travel time spent in this place.
 C = Inter-level travel time spent in this place.
 D = Time resting spent in this place.
 E = Time spent auto-exploring this place.
 F = Levels seen in this place.
 G = Mean time per level.
                   A        B        C        D        E       F      G
               +--------+--------+--------+--------+--------+-----+--------+
         Total |    206 |    206 |      0 |     26 |     59 |   1 |  206.0 |
       Dungeon |    206 |    206 |      0 |     26 |     59 |   1 |  206.0 |
               +--------+--------+--------+--------+--------+-----+--------+

Top non-repeatable levels by time:
     D:5: 206 daAuts
